 Dungeon Crawl Stone Soup version 0.29-a0-1006-g0dd7720b37 (webtiles) character file.

Game seed: 12115218732831386525

8626 Gargoyl the Cleaver (level 11, -1/71 HPs)
             Began as a Gargoyle Berserker on Aug 6, 2022.
             Was a Priest of Trog.
             Slain by an orc warrior
             ... wielding a +0 war axe
              (16 damage)
             ... on level 11 of the Dungeon.
             The game lasted 00:15:41 (11636 turns).

Gargoyl the Cleaver (Gargoyle Berserker)           Turns: 11636, Time: 00:15:41

Health: -1/71      AC: 25    Str: 22    XL:     11   Next: 33%
Magic:  11/11      EV:  8    Int:  7    God:    Trog [***...]
Gold:   520        SH:  4    Dex: 13    Spells: 10/10 levels left

rFire   + + .      SeeInvis .   a - +0 hand axe
rCold   . . .      Faith    .   (no shield)
rNeg    + . .      Spirit   .   d - +0 plate armour
rPois   ∞          Reflect  .   (helmet restricted)
rElec   +          Harm     .   (no cloak)
rCorr   .          Rampage  .   y - +0 pair of gloves
Will    .....                   F - +0 pair of boots
Stlth   ..........              h - amulet of magic regeneration
HPRegen 0.21/turn               n - ring of protection from fire
MPRegen 0.52/turn               G - ring of protection from fire

@: on berserk cooldown
A: sickness immunity, AC +8, negative energy resistance 1, electricity
resistance, torment resistance 1, petrification resistance, antennae 1, large
bone plates 1, subdued magic 1, MP-powered wands
a: Renounce Religion, Berserk, Trog's Hand


You were on level 11 of the Dungeon.
You worshipped Trog.
Trog was most pleased with you.
You visited 1 branch of the dungeon, and saw 11 of its levels.

You collected 520 gold pieces.

Inventory:

Hand Weapons
 a - a +0 hand axe (weapon)
 z - a +4 battleaxe
 I - a +2 mace of protection
Missiles
 p - 26 poisoned darts (quivered)
 s - 2 throwing nets
Armour
 d - a +0 plate armour (worn)
 k - a +0 helmet
 y - a +0 pair of gloves (worn)
 F - a +0 pair of boots (worn)
Jewellery
 h - an amulet of magic regeneration (around neck)
 n - a ring of protection from fire (left hand)
 w - a ring of willpower
 B - a ring of see invisible
 C - a +4 ring of protection
 G - a ring of protection from fire (right hand)
Wands
 m - a wand of flame (52)
 u - a wand of paralysis (15)
 E - a wand of polymorph (3)
 H - a wand of acid (6)
Scrolls
 r - 2 scrolls of poison
 t - a scroll of fog
 x - 3 scrolls of magic mapping
 D - 5 scrolls of identify
Potions
 b - 5 potions of lignification
 c - 6 potions of might
 f - 3 potions of attraction
 g - 2 potions of flight
 i - a potion of resistance
 j - 7 potions of curing
 l - a potion of mutation
 o - 2 potions of invisibility
 q - a potion of cancellation
 v - a potion of heal wounds
 A - 3 potions of berserk rage


   Skills:
 + Level 9.4 Fighting
 + Level 11.4 Axes
 + Level 0.3 Throwing
 + Level 9.5 Armour
 + Level 2.7 Dodging
 + Level 1.3 Stealth
 + Level 3.6 Shields


You had 10 spell levels left.
You didn't know any spells.
Your spell library was empty.

Dungeon Overview and Level Annotations

Branches:
Dungeon (11/15)            Temple (0/1) D:5             Orc (0/2) D:11
   Lair: D:8-11

Altars:
Ashenzari
Cheibriados
Dithmenos
Fedhas
Kikubaaqudgha
Ru
Sif Muna
Trog

Shops:
D:3 *


Innate Abilities, Weirdness & Mutations

You are immune to sickness and miasma.
Your stone body is resilient. (AC +8)
You are immune to poison.
You resist negative energy. (rN+)
You are resistant to electric shocks. (rElec)
You are resistant to unholy torment.
You are immune to petrification.
You have a pair of small antennae on your head.
You are partially covered in large bone plates. (SH +4)
Your spells are a little easier to cast, but a little less powerful.
You expend magic power (3 MP) to strengthen your wands.


Message History

You hit the orc warrior but do no damage.
The orc warrior is heavily wounded.
The orc warrior hits you but does no damage.
You hit the orc warrior but do no damage.
The orc warrior is heavily wounded.
The orc warrior hits you but does no damage.
You hit the orc warrior.
The orc warrior is severely wounded.
The orc warrior hits you with a +0 war axe.
The orc warrior hits you but does no damage.
You hit the orc warrior.
The orc warrior is severely wounded.
The orc warrior barely misses you.
You hit the orc warrior but do no damage.
The orc warrior is severely wounded.
You feel the effects of Trog's Hand fading.
The orc warrior hits you with a +0 war axe!
* * * LOW HITPOINT WARNING * * *
You slash the orc warrior!
The orc warrior is almost dead.
The orc warrior hits you but does no damage.
You closely miss the orc warrior.
The orc warrior is almost dead.
The orc warrior hits you but does no damage.
You barely miss the orc warrior.
The orc warrior is almost dead.
The orc warrior hits you but does no damage.
You hit the orc warrior but do no damage.
The orc warrior is almost dead.
The orc warrior hits you with a +0 war axe.
* * * LOW HITPOINT WARNING * * *
You hit the orc warrior but do no damage.
The orc warrior is almost dead.
Your skin stops crawling.
You feel less strong-willed. The orc warrior closely misses you.
You barely miss the orc warrior.
The orc warrior is almost dead.
You feel yourself speed up.
The orc warrior hits you with a +0 war axe!
You die...

#......# # #......##
# #.......## ##
#........# ##.
#........## ##))
##........# ##.[)
#<<.......# ##...#
#).)[)...### ##...##
##...@.....#####...##
#...o........#...##
##................##
#..###.....D......#
##..##............#
##..#............#
##..............#
####.........###
##......###


You could see an orc warrior.

Vanquished Creatures
  Harold (D:9)
  The ghost of paps the Basher, a novice TrBe of Trog (D:9)
  2 two-headed ogres
  A hornet (D:9)
  2 trolls
  A wyvern (D:9)
  5 yaks (D:9)
  3 wraiths
  3 steam dragons
  Menkaure (D:5)
  2 acid dragons
  Duvessa (D:5)
  6 orc warriors
  4 black bears
  4 centaurs
  2 phantoms
  4 bullfrogs
  3 kobold brigands
  A necrophage (D:6)
  4 scorpions
  4 wights (D:8)
  Dowan (D:5)
  2 howler monkeys
  2 electric eels (D:10)
  An iron imp (D:4)
  5 hounds
  2 jellies
  A gnoll bouda (D:5)
  6 orc priests
  2 iguanas
  10 orc wizards
  4 gnolls (D:5)
  8 adders
  A shadow imp (D:6)
  An ufetubus (D:5)
  A worm (D:4)
  38 orcs
  9 endoplasms
  10 goblins
  7 hobgoblins
  3 quokkas
  12 ball pythons
  8 bats
  4 frilled lizards
  23 kobolds
  4 rats
220 creatures vanquished.

Vanquished Creatures (others)
  6 plants (D:10)
6 creatures vanquished.

Grand Total: 226 creatures vanquished

Notes
Turn   | Place    | Note
-------+----------+-------------------------------------------
     0 | D:1      | Gargoyl the Gargoyle Berserker began the quest for the Orb.
     0 | D:1      | Reached XP level 1. HP: 14/14 MP: 1/1
   167 | D:1      | Reached XP level 2. HP: 19/19 MP: 2/2
   190 | D:1      | Reached skill level 3 in Axes
   429 | D:1      | Found a faded altar of an unknown god.
   695 | D:1      | Reached XP level 3. HP: 17/23 MP: 3/3
   923 | D:1      | Reached ** piety under Trog
  1521 | D:2      | Identified the +2 dagger "Ceh Tur" {protect, rC- Int+2
                  | Dex+4}
  1682 | D:2      | Reached XP level 4. HP: 26/28 MP: 4/4
  1982 | D:3      | Reached skill level 4 in Axes
  2268 | D:3      | Found Joge's Assorted Antiques.
  2960 | D:4      | Found an ancient bone altar of Kikubaaqudgha.
  2990 | D:4      | Reached XP level 5. HP: 33/33 MP: 5/5
  3210 | D:4      | Reached XP level 6. HP: 27/38 MP: 6/6
  3333 | D:4      | Found a snail-covered altar of Cheibriados.
  3368 | D:4      | Reached *** piety under Trog
  3369 | D:4      | Reached skill level 5 in Axes
  3415 | D:4      | Found a sacrificial altar of Ru.
  4139 | D:5      | Entered Level 5 of the Dungeon
  4144 | D:5      | Gained mutation: You occasionally lose the ability to read
                  | scrolls when taking damage. [potion of mutation]
  4144 | D:5      | Gained mutation: You are clumsy. (Dex -2) [potion of
                  | mutation]
  4144 | D:5      | Gained mutation: Your spells are a little easier to cast,
                  | but a little less powerful. [potion of mutation]
  4145 | D:5      | Lost mutation: You are clumsy. (Dex -2) [potion of
                  | mutation]
  4145 | D:5      | Lost mutation: You occasionally lose the ability to read
                  | scrolls when taking damage. [potion of mutation]
  4145 | D:5      | Gained mutation: You have hidden genetic potential. [potion
                  | of mutation]
  4145 | D:5      | Gained mutation: You expend magic power (3 MP) to
                  | strengthen your wands. [potion of mutation]
  4246 | D:5      | Noticed Menkaure
  4262 | D:5      | Killed Menkaure
  4263 | D:5      | Reached XP level 7. HP: 44/44 MP: 7/7
  4596 | D:5      | Gained mutation: You have a pair of small antennae on your
                  | head. [hidden potential]
  4612 | D:5      | Reached skill level 6 in Axes
  4931 | D:5      | Noticed Duvessa
  4931 | D:5      | Noticed Dowan
  4944 | D:5      | Killed Duvessa
  5095 | D:5      | Killed Dowan
  5096 | D:5      | Reached skill level 5 in Fighting
  5096 | D:5      | Reached XP level 8. HP: 13/49 MP: 8/8
  5371 | D:5      | Found a staircase to the Ecumenical Temple.
  5452 | D:6      | Reached skill level 5 in Armour
  5577 | D:6      | Reached skill level 7 in Axes
  5578 | D:6      | Gained mutation: You are partially covered in large bone
                  | plates. (SH +4) [hidden potential]
  5578 | D:6      | Lost mutation: You have hidden genetic potential. [hidden
                  | potential expressed]
  5918 | D:6      | Found a shadowy altar of Dithmenos.
  6351 | D:6      | Reached skill level 1 in Shields
  6351 | D:6      | Reached XP level 9. HP: 55/55 MP: 9/9
  6531 | D:7      | Reached skill level 8 in Axes
  7092 | D:7      | Found the +4 dagger "Morg" {pain, Will+ Int+5}
  7953 | D:8      | Found a blossoming altar of Fedhas.
  8001 | D:8      | Found a broken altar of Ashenzari.
  8050 | D:8      | Reached skill level 1 in Stealth
  8681 | D:9      | Noticed Harold
  8690 | D:9      | Reached skill level 9 in Axes
  8705 | D:9      | Killed Harold
  8706 | D:9      | Reached XP level 10. HP: 39/63 MP: 10/10
  8893 | D:9      | Found a large runed translucent door.
  8893 | D:9      | Found a large runed translucent door.
  9344 | D:9      | Reached skill level 10 in Axes
  9725 | D:9      | Found a bloodstained altar of Trog.
  9746 | D:9      | Found a shimmering blue altar of Sif Muna.
  9844 | D:9      | Noticed paps's ghost (novice TrBe)
  9880 | D:9      | Killed paps's ghost
 10041 | D:10     | Entered Level 10 of the Dungeon
 10059 | D:10     | Noticed a two-headed ogre
 10069 | D:10     | Killed a two-headed ogre
 10070 | D:10     | Reached XP level 11. HP: 55/69 MP: 11/11
 10584 | D:10     | Reached skill level 11 in Axes
 11214 | D:11     | Noticed a two-headed ogre
 11224 | D:11     | Killed a two-headed ogre
 11225 | D:11     | Found a staircase to the Orcish Mines.
 11406 | D:11     | Noticed an eight-headed hydra
 11636 | D:11     | Slain by an orc warrior

Illustrated notes

Levels and vault maps discovered:
D:1:      amcnicky_arrival_flooded_fountain, layout_loops_ring,
          nicolae_ecumenical_snake_handling
D:2:      layout_loops_corners, reono_crystal_passage, hangedman_decor_growths
D:3:      layout_basic, serial_shops, nicolae_shop_statue_plus
D:4:      layout_basic, old_standard_altar, chei_slow_surprise,
          mainiacjoe_overflow_cross_hatched, corexii_shack
D:5:      layout_rooms, minmay_temple_entry_gardened_gates,
          minmay_misc_feat_tower, uniq_menkaure, uniq_duvessa
D:6:      layout_layer_cave, lemuel_tele_altar, kennysheep_generic_room_6
D:7:      layout_loops_corners
D:8:      layout_basic, ashenzari_conservatory_becter, lemuel_round_altar,
          minmay_holes, minmay_strange_pillars
D:9:      layout_roguey, trog_ov_bears_minmay, led_sif_book,
          ebering_ghost_disaster_area, serial_curves, eino_curves_03,
          eino_curves_04, minivault_27, uniq_harold
D:10:     layout_irregular_city, serial_bayou, serial_bayou_shore_b,
          serial_bayou_lagoon_a, serial_bayou_ford_a, serial_bayou_pond_a
D:11:     layout_cave_pods, due_lair_maze_entry_diamond,
          minmay_orc_entry_temple_small, okawaru_humans

Skill      XL: |  1  2  3  4  5  6  7  8  9 10 11 |
---------------+----------------------------------+-----
Axes           | 3 4 5 6 7 9 10 11 | 11.4
Fighting       | 4 5 6 7 8 9 |  9.4
Armour         | 3 4 6 7 9 |  9.5
Dodging        | 2 |  2.7
Shields        | 1 2 3 |  3.6
Stealth        | 1 |  1.3
Throwing       | |  0.3

Action                   |  1- 3 |  4- 6 |  7- 9 | 10-12 || total
-------------------------+-------+-------+-------+-------++-------
Melee: Hand axe          |   127 |   204 |   418 |    32 ||   781
       Punch             |     2 |     1 |     6 |       ||     9
       Battleaxe         |       |       |    21 |   196 ||   217
Throw: Dart              |       |       |       |     5 ||     5
Invok: Berserk           |     1 |     2 |    10 |     6 ||    19
       Trog's Hand       |       |     2 |     7 |     7 ||    16
  Use: Scroll            |     5 |    10 |     6 |     1 ||    22
       Potion            |       |     2 |     1 |     2 ||     5
Armor: Plate armour      |   106 |   185 |   328 |   223 ||   842
Dodge: Dodged            |    47 |    68 |   149 |   102 ||   366
Block: Other             |       |       |    41 |    44 ||    85

Table legend: (Time is in decaauts)
 A = Elapsed time spent in this place.
 B = Non-inter-level travel time spent in this place.
 C = Inter-level travel time spent in this place.
 D = Time resting spent in this place.
 E = Time spent auto-exploring this place.
 F = Levels seen in this place.
 G = Mean time per level.
                   A        B        C        D        E       F      G
               +--------+--------+--------+--------+--------+-----+--------+
         Total |  11842 |  11509 |    333 |    121 |   8993 |  11 | 1076.5 |
       Dungeon |  11842 |  11509 |    333 |    121 |   8993 |  11 | 1076.5 |
               +--------+--------+--------+--------+--------+-----+--------+

Top non-repeatable levels by time:
     D:9: 1526 daAuts
     D:4: 1394 daAuts
     D:5: 1197 daAuts
     D:6: 1116 daAuts
    D:10: 1083 daAuts
     D:7: 1078 daAuts
     D:1: 1056 daAuts
     D:8: 1015 daAuts
     D:2: 939 daAuts
     D:3: 914 daAuts
    D:11: 521 daAuts
